[Event "Titled Tuesday Blitz September 27 Early 2022"]
[White "Bashirli, Saadat"]
[Black "Antonova, Nadezhda"]
[WhiteFideId "13429990"]
[BlackFideId "14700182"]
[WhiteElo "1173"]
[BlackElo "1805"]
[Result "0-1"]
[Round "11"]
[TimeControl "180+1"]
[Date "2022.09.27"]
[WhiteClock "0:00:04"]
[BlackClock "0:00:02"]

1. d4 Nf6 2. c4 g6 3. Nc3 Bg7 4. e4 d6 5. Be2 O-O 6. Bg5 Na6 7. Qd2 c5 8. d5 Qe8 9. h4 e6 10. Nf3 exd5 11. exd5 Ne4 12. Nxe4 Qxe4 13. O-O h6 14. Bd3 Qg4 15. Be7 Re8 16. Bxd6 Bd7 17. Rfe1 Bf6 18. Bg3 h5 19. Rab1 Nb4 20. a3 Nxd3 21. Qxd3 Bf5 22. Qb3 Bxb1 23. Rxb1 b6 24. Rd1 Rac8 25. Qa4 Bd4 26. Nxd4 cxd4 27. d6 Red8 28. Rd2 a5 29. Qb5 Rb8 30. Qd5 Qe6 31. Qxd4 Rbc8 32. b3 a4 33. Qxb6 axb3 34. Kh2 Qxc4 35. d7 Ra8 36. Bc7 Qxh4+ 37. Kg1 Qg5 38. Rd1 Qg4 39. f3 Qg5 40. Bxd8 Qxd8 41. Qxb3 Ra7 42. Qd3 Ra8 43. Re1 Qb6+ 44. Kh1 Rd8 45. Re8+ Kh7 46. Qc3 Qb1+ 47. Kh2 Qb8+ 48. g3 Rxe8 49. dxe8=Q Qxe8 50. Qb2 Qe3 51. Kg2 Qe6 52. a4 h4 53. g4 Qd6 54. Kg1 Qg3+ 55. Qg2 Qe1+ 56. Kh2 Qe5+ 57. Kg1 Qe1+ 58. Kh2 Qe5+ 59. Kh1 Qe1+ 60. Qg1 Qe5 61. Qh2 Qe1+ 62. Kg2 Qe2+ 63. Kg1 Qe1+ 64. Kg2 Qe2+ 65. Kh3 Qxf3+ 66. Kxh4 Kg7 67. Qe5+ f6 68. Qe7+ Kh6 69. Qf8+ Kh7 70. Qf7+ Kh6 71. g5+ fxg5# 0-1


[Site "https://www.chess.com"]

[Event "Titled Tuesday Blitz September 27 Early 2022"]
[White "Becerra, Juan David"]
[Black "Gulevich, Artem"]
[WhiteFideId "4404998"]
[BlackFideId "24119580"]
[WhiteElo "2278"]
[BlackElo "2218"]
[Result "0-1"]
[Round "11"]
[TimeControl "180+1"]
[Date "2022.09.27"]
[WhiteClock "0:00:05"]
[BlackClock "0:00:09"]

1. e4 c5 2. d4 cxd4 3. c3 Nf6 4. e5 Nd5 5. cxd4 d6 6. f4 Nc6 7. Nc3 Nxc3 8. bxc3 d5 9. Bd3 g6 10. h4 h5 11. Qc2 e6 12. Ne2 Qc7 13. a4 Na5 14. O-O Nc4 15. Rb1 b6 16. Ng3 Ba6 17. Bxg6 fxg6 18. Qxg6+ Qf7 19. Qxf7+ Kxf7 20. f5 Nxe5 21. fxe6+ Ke8 22. Rf6 Ng4 23. Rf3 Bc8 24. Bg5 Bxe6 25. Ne2 Kd7 26. Nf4 Re8 27. a5 Kc6 28. axb6 axb6 29. Rd1 Bd6 30. c4 Bxf4 31. cxd5+ Bxd5 32. Rxf4 Rhf8 33. Rc1+ Kb7 34. Rxf8 Rxf8 35. Rc2 b5 36. Rb2 Kb6 37. Be7 Rf7 38. Re2 Ka5 39. Bc5 b4 40. Rb2 b3 41. Bd6 Rf2 42. Rxf2 Nxf2 43. Ba3 Ng4 44. Kf1 Kb5 45. Ke2 Bxg2 46. Kd3 Bd5 47. Bb2 Ka4 48. Bc1 Kb4 49. Bb2 Kb5 50. Bc1 Nf2+ 51. Ke2 Ne4 52. Bb2 Kc4 53. Ke3 Nc3 54. Kf4 Na4 55. Bc1 b2 56. Bxb2 Nxb2 57. Kg5 Bf3 58. Kf4 Bg4 59. Ke3 Kd5 0-1


[Site "https://www.chess.com"]

[Event "Titled Tuesday Blitz September 27 Early 2022"]
[White "Begunov, Konstantin"]
[Black "Tsukerman, Julia"]
[WhiteFideId "4118510"]
[BlackFideId "2621649"]
[WhiteElo "2165"]
[BlackElo "1667"]
[Result "1-0"]
[Round "11"]
[TimeControl "180+1"]
[Date "2022.09.27"]
[WhiteClock "0:00:57"]
[BlackClock "0:00:01"]

1. d4 d5 2. c4 e6 3. Nc3 Be7 4. Nf3 Nf6 5. Bg5 Nbd7 6. e3 h6 7. Bh4 O-O 8. cxd5 exd5 9. Bd3 c6 10. Qc2 Re8 11. O-O Ne4 12. Bxe4 Bxh4 13. Bh7+ Kh8 14. Bf5 Be7 15. Rab1 a5 16. a3 Nf6 17. Ne5 Rf8 18. b4 axb4 19. axb4 Nd7 20. Bxd7 Bxd7 21. b5 Bd6 22. bxc6 bxc6 23. Nxd7 Qxd7 24. Na4 Qc7 25. g3 Rfb8 26. Rxb8+ Rxb8 27. Rc1 Rc8 28. Nc5 Bxc5 29. Qxc5 Qd7 30. Rb1 g6 31. Rb6 Kg7 32. Qb4 Ra8 33. Kg2 Rc8 34. Rb7 Rc7 35. Rb8 Rc8 36. Rb7 Rc7 37. Rb6 Rc8 38. Qa4 Rc7 39. Qd1 Rc8 40. Qf3 h5 41. Ra6 Rc7 42. Qf4 Qe7 43. Ra8 Rd7 44. Qb8 Kf6 45. Qh8+ Kg5 46. Re8 Qf6 47. Re5+ 1-0


[Site "https://www.chess.com"]

[Event "Titled Tuesday Blitz September 27 Early 2022"]
[White "Bharath Subramaniyam H"]
[Black "Piesik, Piotr"]
[WhiteFideId "46634827"]
[BlackFideId "1136194"]
[WhiteElo "2346"]
[BlackElo "2221"]
[Result "1-0"]
[Round "11"]
[TimeControl "180+1"]
[Date "2022.09.27"]
[WhiteClock "0:01:39"]
[BlackClock "0:01:38"]

1. d4 c5 2. d5 e5 3. e4 d6 4. c4 Be7 5. Nc3 Bg5 6. Nf3 Bxc1 7. Qxc1 Ne7 8. h4 O-O 9. Bd3 h6 10. Qd2 f5 11. O-O-O Nd7 12. h5 Nf6 13. Rde1 fxe4 14. Bxe4 Nxe4 15. Nxe4 Nf5 16. g4 Nd4 17. Nxd4 cxd4 18. g5 Rf4 19. gxh6 gxh6 20. Rhg1+ Kh7 21. Qb4 Qc7 22. Qxd6 Qxd6 23. Nxd6 Bg4 24. Rxe5 d3 25. Re7+ Kg8 26. Re4 1-0


[Site "https://www.chess.com"]

[Event "Titled Tuesday Blitz September 27 Early 2022"]
[White "Blokhin, Sofia"]
[Black "Moreby, James"]
[WhiteFideId "4508190"]
[BlackFideId "427756"]
[WhiteElo "1771"]
[BlackElo "1873"]
[Result "0-1"]
[Round "11"]
[TimeControl "180+1"]
[Date "2022.09.27"]
[WhiteClock "0:00:28"]
[BlackClock "0:02:25"]

1. d4 Nf6 2. c4 e6 3. Nc3 Bb4 4. f3 d5 5. Qa4+ Nc6 6. cxd5 exd5 7. e3 O-O 8. Bd2 Re8 9. Nge2 Bd7 10. Qc2 Bd6 11. a3 h5 12. g3 Qc8 13. Bg2 Bf5 14. Qc1 Na5 15. Qd1 Nc4 16. Qb3 c6 17. O-O-O Nxe3 18. Bxe3 Rxe3 19. Nf4 Bxf4 20. gxf4 Qc7 21. Rhe1 Qxf4 22. Rxe3 Qxe3+ 23. Rd2 b5 24. Nd1 Qxb3 0-1


[Site "https://www.chess.com"]

[Event "Titled Tuesday Blitz September 27 Early 2022"]
[White "Bortnyk, Olexandr"]
[Black "Carlsen, Magnus"]
[WhiteFideId "14120828"]
[BlackFideId "1503014"]
[WhiteElo "2723"]
[BlackElo "2830"]
[Result "1-0"]
[Round "11"]
[TimeControl "180+1"]
[Date "2022.09.27"]
[WhiteClock "0:00:03"]
[BlackClock "0:00:01"]

1. e4 c5 2. c3 d5 3. exd5 Nf6 4. Nf3 Nxd5 5. Bc4 Nc6 6. O-O e6 7. d4 Be7 8. dxc5 Bxc5 9. Nbd2 O-O 10. Ne4 Be7 11. Qe2 Qc7 12. Rd1 Rd8 13. Bg5 Bxg5 14. Nexg5 h6 15. Ne4 Nde7 16. Rxd8+ Nxd8 17. Rd1 Bd7 18. Nd6 Bc6 19. Ne5 Nd5 20. Bxd5 Bxd5 21. Nb5 Qe7 22. c4 Bc6 23. Nd6 a5 24. b3 f6 25. Ng6 Qc7 26. Qe3 e5 27. Qh3 Bd7 28. Ne7+ Kf8 29. Ng6+ Kg8 30. Qh5 Nc6 31. Ne7+ Nxe7 32. Qf7+ Kh7 33. Qxe7 Qc6 34. Rd5 Be8 35. Nf5 Kg6 36. g4 Bf7 37. Nh4+ Kg5 38. Qxf7 Kxg4 39. Ng2 g5 40. h3+ Kf5 41. Ne3+ Kf4 42. Qh5 Ke4 43. Qg4# 1-0


[Site "https://www.chess.com"]

[Event "Titled Tuesday Blitz September 27 Early 2022"]
[White "Bowden, Karl"]
[Black "Odegov, Artem"]
[WhiteFideId "400548"]
[BlackFideId "34183644"]
[WhiteElo "2482"]
[BlackElo "2286"]
[Result "0-1"]
[Round "11"]
[TimeControl "180+1"]
[Date "2022.09.27"]
[WhiteClock "0:00:11"]
[BlackClock "0:01:28"]

1. e4 e6 2. d3 d5 3. Qe2 Nf6 4. Nf3 c5 5. g3 Nc6 6. e5 Nd7 7. Bg2 Be7 8. O-O O-O 9. c4 Nd4 10. Nxd4 cxd4 11. cxd5 exd5 12. Bxd5 Nc5 13. Bg2 Bf5 14. Rd1 Qb6 15. Na3 Qa6 16. Bf1 Rfd8 17. Bf4 Rac8 18. Nc4 Nxd3 19. Rxd3 Qxc4 20. Rb3 d3 21. Qd1 Bc5 22. Rc1 Qd4 23. Be3 Qxe3 24. fxe3 Bxe3+ 25. Kg2 Rxc1 26. Qf3 Rxf1 27. Kxf1 d2 28. Qd1 Bh3+ 29. Ke2 Bg4+ 30. Kxe3 Bxd1 31. Rd3 Rxd3+ 32. Kxd3 Kf8 33. Kxd2 Bg4 0-1


[Site "https://www.chess.com"]

[Event "Titled Tuesday Blitz September 27 Early 2022"]
[White "Buscar, Michael"]
[Black "Tologon tegin, Semetei"]
[WhiteFideId "2603616"]
[BlackFideId "13800574"]
[WhiteElo "2010"]
[BlackElo "2174"]
[Result "1-0"]
[Round "11"]
[TimeControl "180+1"]
[Date "2022.09.27"]
[WhiteClock "0:00:02"]
[BlackClock "0:00:01"]

1. d4 Nf6 2. Nf3 c5 3. dxc5 Qa5+ 4. Nbd2 Qxc5 5. e4 d6 6. Bd3 Nc6 7. a3 g6 8. b4 Qb6 9. Bb2 Bg7 10. h3 O-O 11. O-O a6 12. Qe2 Bd7 13. Nc4 Qc7 14. e5 dxe5 15. Ncxe5 Nxe5 16. Bxe5 Qc8 17. Rfe1 Re8 18. Rad1 Bc6 19. Nd4 Nd7 20. Nxc6 Qxc6 21. Bxg7 Kxg7 22. b5 Qb6 23. bxa6 bxa6 24. Bxa6 Nf6 25. Bb5 Reb8 26. a4 e6 27. Qe5 Rc8 28. c4 Rc5 29. Qa1 Rf5 30. Rd2 h5 31. Qc3 Qc5 32. Re3 h4 33. Rf3 Rxf3 34. Qxf3 Ra7 35. Qc3 g5 36. Rd3 Kg6 37. Rf3 Ne4 38. Qd3 f5 39. Qd8 Qe5 40. Qg8+ Kh6 41. Qf8+ Kh7 42. Qa3 Kg6 43. Re3 Qd4 44. Qd3 Qa1+ 45. Qf1 Qd4 46. Qd3 Qa1+ 47. Qf1 Qb2 48. Re2 Qd4 49. Re3 Ra8 50. Qd3 Qa1+ 51. Qf1 Qb2 52. Re1 Rd8 53. Rb1 Qd4 54. a5 Nd2 55. Qe1 Nxb1 56. Qxb1 Qa7 57. a6 Rd2 58. Qa1 1-0


[Site "https://www.chess.com"]

[Event "Titled Tuesday Blitz September 27 Early 2022"]
[White "Ciuffoletti, Paolo"]
[Black "Jumanov, Elbek"]
[WhiteFideId "807630"]
[BlackFideId "14202905"]
[WhiteElo "2143"]
[BlackElo "2054"]
[Result "0-1"]
[Round "11"]
[TimeControl "180+1"]
[Date "2022.09.27"]
[WhiteClock "0:00:25"]
[BlackClock "0:00:19"]

1. e4 c5 2. d4 cxd4 3. c3 Nf6 4. e5 Nd5 5. Qxd4 e6 6. Bc4 Nc6 7. Qe4 Nb6 8. Bb3 d5 9. exd6 Bxd6 10. Nf3 O-O 11. Ng5 g6 12. Qh4 h5 13. O-O Ne5 14. Rd1 Qe7 15. Bf4 Nd5 16. Bxd5 exd5 17. Rxd5 Ng4 18. Be3 Bxh2+ 19. Kh1 Be5 20. Nf3 Bf6 21. Qg3 Nxe3 22. fxe3 Bg4 23. Nbd2 Qxe3 24. Re1 Qh6 25. Ne5 Rad8 26. Rxd8 Rxd8 27. Ndc4 Bf5 28. Qf3 Qg5 29. Qxb7 Qh4+ 0-1


[Site "https://www.chess.com"]

[Event "Titled Tuesday Blitz September 27 Early 2022"]
[White "Cnejev, Vladimir-Alexandru"]
[Black "Ravi, Thandalam Shanmugam"]
[WhiteFideId "1260898"]
[BlackFideId "5000238"]
[WhiteElo "1983"]
[BlackElo "2063"]
[Result "1-0"]
[Round "11"]
[TimeControl "180+1"]
[Date "2022.09.27"]
[WhiteClock "0:00:22"]
[BlackClock "0:01:10"]

1. e4 e5 2. Nf3 Nc6 3. Bb5 Nge7 4. O-O Ng6 5. c3 a6 6. Ba4 d5 7. exd5 Qxd5 8. Bb3 Qd3 9. Bc2 Qd6 10. Re1 Bg4 11. h3 Bxf3 12. Qxf3 O-O-O 13. Na3 Be7 14. Nc4 Qd5 15. Qg4+ Kb8 16. Ne3 Qd7 17. Nf5 h5 18. Qf3 Nf4 19. d4 exd4 20. Bxf4 d3 21. Rad1 Qxf5 22. Bxc7+ Kxc7 23. Qxf5 dxc2 24. Rxd8 Rxd8 25. Qxc2 Bg5 26. Qf5 Bf6 27. Qxh5 Rd2 28. Qxf7+ Kb6 29. Qb3+ Ka7 30. Rd1 Re2 31. Rd7 Re1+ 32. Kh2 Be5+ 33. g3 Na5 34. Qd5 Kb6 35. a4 Re2 36. b4 Nb3 37. Qxb7# 1-0


[Site "https://www.chess.com"]

[Event "Titled Tuesday Blitz September 27 Early 2022"]
[White "Cramling Bellon, Anna"]
[Black "Koridze, Lile"]
[WhiteFideId "32009232"]
[BlackFideId "13612514"]
[WhiteElo "1905"]
[BlackElo "2050"]
[Result "1-0"]
[Round "11"]
[TimeControl "180+1"]
[Date "2022.09.27"]
[WhiteClock "0:00:12"]
[BlackClock "0:01:53"]

1. d4 Nf6 2. c4 e6 3. Nc3 Bb4 4. Qc2 O-O 5. e4 d6 6. Nf3 Nbd7 7. e5 dxe5 8. dxe5 Ng4 9. Bf4 Bc5 10. Ne4 Bb4+ 11. Nc3 f6 12. Bd3 g6 13. Bxg6 f5 14. Bh5 Ngf6 15. exf6 Nxf6 16. Bg5 Qd6 17. Rd1 Qc6 18. Bxf6 Rxf6 19. Ne5 Qc5 20. Qe2 b6 21. O-O Bb7 22. Nd7 Qe7 23. Nxf6+ Qxf6 24. Bf3 c6 25. Rfe1 Re8 26. Qe3 Bc5 27. Qd3 Bf8 28. Qd7 Re7 29. Qd8 Kg7 30. Rd7 e5 31. Rxe7+ Bxe7 32. Qd7 Ba6 33. Qxc6 Qg5 34. Qe6 Bf6 35. Bd5 Qd2 36. Qf7+ Kh8 37. Qg8# 1-0


[Site "https://www.chess.com"]

[Event "Titled Tuesday Blitz September 27 Early 2022"]
[White "Curtis, John"]
[Black "Fawzy, Adham"]
[WhiteFideId "3200256"]
[BlackFideId "10613129"]
[WhiteElo "2203"]
[BlackElo "2541"]
[Result "1/2-1/2"]
[Round "11"]
[TimeControl "180+1"]
[Date "2022.09.27"]
[WhiteClock "0:02:26"]
[BlackClock "0:01:26"]

1. c4 c6 2. Nf3 d5 3. d4 Nf6 4. e3 e6 5. Qc2 Nbd7 6. a3 Bd6 7. Nc3 O-O 8. e4 dxe4 9. Nxe4 Nxe4 10. Qxe4 Nf6 11. Qh4 c5 12. Bd3 cxd4 13. Bg5 h6 14. Bxh6 gxh6 15. Qxh6 e5 16. Qg5+ Kh8 17. Qh4+ Kg8 18. Qg5+ Kh8 19. Qh4+ Kg8 20. Qg5+ 1/2-1/2


[Site "https://www.chess.com"]

[Event "Titled Tuesday Blitz September 27 Early 2022"]
[White "Dahale, Atul"]
[Black "Forgacs, Attila Jr."]
[WhiteFideId "5037794"]
[BlackFideId "773654"]
[WhiteElo "2017"]
[BlackElo "2062"]
[Result "1-0"]
[Round "11"]
[TimeControl "180+1"]
[Date "2022.09.27"]
[WhiteClock "0:01:12"]
[BlackClock "0:01:03"]

1. d4 Nf6 2. b3 g6 3. Bb2 Bg7 4. e3 d5 5. Nd2 O-O 6. Bd3 Nbd7 7. Ngf3 c5 8. O-O cxd4 9. exd4 Nb6 10. Ne5 Be6 11. f4 Rc8 12. Rc1 Nbd7 13. Qe2 Nxe5 14. fxe5 Nd7 15. c4 Nb6 16. c5 Nd7 17. b4 a6 18. a4 a5 19. b5 Nb8 20. Nf3 Bg4 21. Qe3 f6 22. e6 Bxf3 23. Rxf3 f5 24. Rcf1 Rxc5 25. dxc5 Bxb2 26. g4 Kh8 27. gxf5 gxf5 28. Rxf5 Rg8+ 29. Rg5 Bd4 30. Qxd4+ 1-0


[Site "https://www.chess.com"]

[Event "Titled Tuesday Blitz September 27 Early 2022"]
[White "Diaz Perez, Michel Alejandro"]
[Black "Vokhidov, Shamsiddin"]
[WhiteFideId "3517179"]
[BlackFideId "14204223"]
[WhiteElo "2313"]
[BlackElo "2619"]
[Result "0-1"]
[Round "11"]
[TimeControl "180+1"]
[Date "2022.09.27"]
[WhiteClock "0:00:19"]
[BlackClock "0:00:46"]

1. Nf3 d5 2. g3 Nd7 3. d4 Nb6 4. Bg2 Bf5 5. O-O e6 6. b3 Nf6 7. Nbd2 h6 8. a4 a5 9. Bb2 c6 10. Ne5 Be7 11. f3 O-O 12. e4 Bh7 13. Qe2 Nfd7 14. Rae1 Bb4 15. c3 Be7 16. Nxd7 Nxd7 17. e5 c5 18. f4 cxd4 19. cxd4 Rc8 20. Rc1 Qb6 21. Qb5 Qxb5 22. axb5 Bd3 23. Rfe1 Bxb5 24. Nb1 Bd3 25. Ba3 Bxa3 26. Nxa3 Nb8 27. Bf1 Bxf1 28. Kxf1 Rc6 29. Rxc6 Nxc6 30. Nb5 f6 31. exf6 Rxf6 32. Ke2 g5 33. fxg5 hxg5 34. Ke3 g4 35. Ke2 Rf3 36. Rb1 Kg7 37. Rb2 Kf6 38. Rb1 Kf5 39. Rb2 Ke4 40. Rd2 Re3+ 41. Kf2 Rf3+ 42. Ke2 Kf5 43. Rb2 e5 44. dxe5 Kxe5 45. Rb1 d4 46. Rb2 Kd5 47. Rb1 Kc5 48. Nc7 d3+ 49. Kd2 Nb4 50. Ne6+ Kd5 51. Nf4+ Kd4 52. Ne6+ Kd5 53. Nf4+ Kd6 54. Kc3 Rf2 55. Nxd3 Rc2+ 56. Kd4 Rd2 0-1


[Site "https://www.chess.com"]

[Event "Titled Tuesday Blitz September 27 Early 2022"]
[White "Dilmukhametov, Artur"]
[Black "Von Buelow, Georg"]
[WhiteFideId "24179922"]
[BlackFideId "4620658"]
[WhiteElo "2206"]
[BlackElo "2220"]
[Result "0-1"]
[Round "11"]
[TimeControl "180+1"]
[Date "2022.09.27"]
[WhiteClock "0:02:12"]
[BlackClock "0:01:44"]

1. e4 c5 2. c3 Nf6 3. e5 Nd5 4. d4 cxd4 5. cxd4 d6 6. exd6 Qxd6 7. Nf3 Nc6 8. Nc3 Nxc3 9. bxc3 e6 10. Bb5 Be7 11. O-O O-O 12. Re1 b6 13. Ne5 Nxe5 14. Rxe5 Bb7 15. Qg4 Bf6 16. Rh5 g6 17. Rh3 Rfd8 18. Bf4 e5 19. Bg3 Qd5 20. Be2 Qxg2# 0-1


[Site "https://www.chess.com"]

[Event "Titled Tuesday Blitz September 27 Early 2022"]
[White "Domingo Nunez, Ruben"]
[Black "Heinemann, Josefine"]
[WhiteFideId "22245570"]
[BlackFideId "12900460"]
[WhiteElo "2406"]
[BlackElo "2300"]
[Result "1-0"]
[Round "11"]
[TimeControl "180+1"]
[Date "2022.09.27"]
[WhiteClock "0:00:54"]
[BlackClock "0:00:45"]

1. b3 e5 2. Bb2 Nc6 3. e3 Nf6 4. Bb5 e4 5. d3 exd3 6. Bxd3 Bb4+ 7. Nd2 O-O 8. a3 Be7 9. g4 d5 10. g5 Nd7 11. h4 Nde5 12. Qe2 Be6 13. f4 Nxd3+ 14. Qxd3 Qd7 15. O-O-O Bf5 16. Qc3 f6 17. e4 Bg4 18. Ngf3 dxe4 19. Nxe4 Qf5 20. Qc4+ Kh8 21. Ng3 Qe6 22. Qxe6 Bxe6 23. f5 Bf7 24. h5 fxg5 25. h6 Bf6 26. hxg7+ Bxg7 27. f6 Bxf6 28. Bxf6+ Kg8 29. Nf5 h5 30. Nxg5 Bg6 31. Nh6# 1-0


[Site "https://www.chess.com"]

[Event "Titled Tuesday Blitz September 27 Early 2022"]
[White "Dushyant Sharma"]
[Black "Kostiukov, Alexandr"]
[WhiteFideId "25065130"]
[BlackFideId "14108100"]
[WhiteElo "2144"]
[BlackElo "2202"]
[Result "1-0"]
[Round "11"]
[TimeControl "180+1"]
[Date "2022.09.27"]
[WhiteClock "0:00:23"]
[BlackClock "0:00:06"]

1. e4 c5 2. Nf3 g6 3. d4 cxd4 4. Nxd4 Bg7 5. f4 Nc6 6. Nf3 d6 7. Bd3 Qb6 8. Nc3 Nf6 9. Qe2 O-O 10. Rb1 Bg4 11. Be3 Qa5 12. O-O d5 13. e5 d4 14. exf6 Bxf6 15. b4 Nxb4 16. Rxb4 dxe3 17. Rc4 Bxc3 18. Qxe3 Bxf3 19. Qxf3 b5 20. Rc6 Bf6 21. f5 Kg7 22. h4 Qxa2 23. h5 g5 24. Bxb5 a5 25. Bc4 Qb2 26. h6+ Kh8 27. Bxf7 Rac8 28. Be6 Qb4 29. Bxc8 Qd4+ 30. Kh1 Qh4+ 31. Qh3 Qe4 32. Bd7 g4 33. Qd3 Qe5 34. Rc8 1-0


[Site "https://www.chess.com"]

[Event "Titled Tuesday Blitz September 27 Early 2022"]
[White "Estrada Nieto, Julian"]
[Black "Kukula, Pawel"]
[WhiteFideId "5101018"]
[BlackFideId "1115081"]
[WhiteElo "2252"]
[BlackElo "2062"]
[Result "0-1"]
[Round "11"]
[TimeControl "180+1"]
[Date "2022.09.27"]
[WhiteClock "0:00:01"]
[BlackClock "0:00:03"]

1. e4 c5 2. Nf3 e6 3. c3 a6 4. d4 d5 5. e5 Bd7 6. Bd3 cxd4 7. cxd4 Qb6 8. O-O Bb5 9. Nc3 Bxd3 10. Qxd3 Nd7 11. Ng5 h6 12. Nf3 Ne7 13. Bd2 Nc6 14. a3 Qb3 15. Be3 Nb6 16. Nd2 Qxb2 17. Rfb1 Bxa3 18. Rxb2 Bxb2 19. Rb1 Nb4 20. Qe2 Bxc3 21. Qg4 g6 22. h4 h5 23. Qf3 Nd7 24. Rb3 Rc8 25. Nb1 Be1 26. Qd1 Nc2 27. Rxb7 Nxe3 28. fxe3 Bxh4 29. Nd2 Bg5 30. Qf3 Rd8 31. Nb3 O-O 32. Qg3 Bh6 33. Nc5 Nxc5 34. dxc5 Rc8 35. Rb6 Rxc5 36. Rxa6 Rc3 37. Rxe6 fxe6 38. Qxg6+ Bg7 39. Qxe6+ Kh8 40. Qxd5 Rc1+ 41. Kh2 Rcc8 42. e6 h4 43. Qh5+ Kg8 44. Qg4 Rce8 45. Kh3 Rf6 46. e7 Rxe7 47. Qc4+ Kf8 48. Qc8+ Kf7 49. Qc4+ Rfe6 50. Qf4+ Bf6 51. Qg4 Rxe3+ 0-1


[Site "https://www.chess.com"]

[Event "Titled Tuesday Blitz September 27 Early 2022"]
[White "Fernandez De La Vara, Arnaldo"]
[Black "Mikhailovsky, Vladimir"]
[WhiteFideId "3518388"]
[BlackFideId "34105414"]
[WhiteElo "2387"]
[BlackElo "2297"]
[Result "0-1"]
[Round "11"]
[TimeControl "180+1"]
[Date "2022.09.27"]
[WhiteClock "0:00:24"]
[BlackClock "0:01:09"]

1. Nf3 d6 2. d4 Nf6 3. c4 g6 4. Nc3 Bf5 5. g3 Bg7 6. Bg2 Ne4 7. Qb3 Nxc3 8. bxc3 Be4 9. Nh4 Bxg2 10. Nxg2 b6 11. a4 Nc6 12. h4 h5 13. Nf4 O-O 14. c5 Na5 15. Qa2 dxc5 16. Nxg6 Re8 17. Nf4 cxd4 18. Nxh5 Bh8 19. O-O dxc3 20. Bg5 Qd6 21. Rad1 Qe6 22. Nf4 Qxa2 0-1


[Site "https://www.chess.com"]

[Event "Titled Tuesday Blitz September 27 Early 2022"]
[White "Ferreira, Vitor Hugo Vieira"]
[Black "Yurovskykh, Oleksandr"]
[WhiteFideId "2119765"]
[BlackFideId "14134020"]
[WhiteElo "2168"]
[BlackElo "2303"]
[Result "0-1"]
[Round "11"]
[TimeControl "180+1"]
[Date "2022.09.27"]
[WhiteClock "0:00:18"]
[BlackClock "0:00:14"]

1. e4 d5 2. exd5 Qxd5 3. Nc3 Qd8 4. d4 Nf6 5. Nf3 Bg4 6. Bc4 e6 7. Be3 c6 8. h3 Bh5 9. g4 Bg6 10. Ne5 Nbd7 11. Qe2 Nxe5 12. dxe5 Nd5 13. O-O-O Qa5 14. Nxd5 exd5 15. Bb3 Bc5 16. Bd2 Qb6 17. f4 Be4 18. Rhf1 O-O-O 19. f5 Rhe8 20. Bf4 Bd4 21. Qh2 a5 22. a4 Be3+ 23. Bxe3 Qxe3+ 24. Rd2 Qb6 25. Re1 Qc7 26. Rxe4 dxe4 27. Rxd8+ Rxd8 28. Qf4 f6 29. Be6+ Kb8 30. Qxe4 Qxe5 31. Qxe5+ fxe5 32. g5 Rd4 33. f6 gxf6 34. gxf6 Kc7 35. f7 Rd8 36. Bf5 h6 37. Bh7 Kd6 38. Bg6 Ke7 39. h4 Rd4 40. h5 Rxa4 41. Kd2 Rf4 42. Ke3 Rxf7 43. Ke4 Rf2 44. Kxe5 Rh2 45. Kd4 Kd6 46. b3 Rh4+ 47. Kc3 Kc5 48. Kd3 b5 49. c3 a4 50. b4+ Kd6 51. Bf7 Rh2 52. Kd4 a3 53. c4 a2 54. c5+ Ke7 55. Bxa2 Rxa2 56. Ke5 Rb2 57. Kf5 Rg2 0-1


[Site "https://www.chess.com"]

[Event "Titled Tuesday Blitz September 27 Early 2022"]
[White "Fiorito, Francisco"]
[Black "Mouhamad, Joachim"]
[WhiteFideId "180165"]
[BlackFideId "656410"]
[WhiteElo "1787"]
[BlackElo "2147"]
[Result "0-1"]
[Round "11"]
[TimeControl "180+1"]
[Date "2022.09.27"]
[WhiteClock "0:00:03"]
[BlackClock "0:00:08"]

1. d4 Nf6 2. Nf3 g6 3. g3 Bg7 4. Bg2 O-O 5. O-O c5 6. d5 e6 7. c4 exd5 8. cxd5 d6 9. Nc3 Re8 10. Re1 a6 11. a4 Nbd7 12. Bf4 Qe7 13. e4 Nh5 14. Bg5 Bf6 15. Bh6 Ne5 16. Nxe5 Bxe5 17. Qb3 Rb8 18. Be3 b5 19. axb5 axb5 20. f4 c4 21. Qb4 Bg7 22. Ra7 Bd7 23. Rea1 Nf6 24. h3 h5 25. Rc7 Ra8 26. Raa7 Rxa7 27. Rxa7 h4 28. g4 Rb8 29. e5 Ne8 30. Bf2 Qd8 31. exd6 Bf8 32. Ne4 f5 33. gxf5 gxf5 34. Ng5 Bxd6 35. Qd2 Nf6 36. Qd4 Rc8 37. Qd2 b4 38. Ne6 Bxe6 39. dxe6 c3 40. bxc3 bxc3 41. Qc2 Bc5 42. Bxc5 Rxc5 43. Qf2 Rc7 44. Ra8 Rc8 45. e7 Qe8 46. Rxc8 Qxc8 47. Qc2 Kf7 48. Qb3+ Kxe7 49. Qb4+ Kf7 50. Qb3+ Kg7 51. Qc2 Qc5+ 52. Kh1 Qd4 53. Qxf5 Qd1+ 54. Kh2 c2 55. Qg5+ Kf7 56. Qa5 c1=Q 57. Qa7+ Qd7 58. Bd5+ Kg7 0-1


[Site "https://www.chess.com"]

[Event "Titled Tuesday Blitz September 27 Early 2022"]
[White "Fiorito, Joaquin"]
[Black "Bryakin, Mikhail"]
[WhiteFideId "180173"]
[BlackFideId "4165314"]
[WhiteElo "1758"]
[BlackElo "2357"]
[Result "0-1"]
[Round "11"]
[TimeControl "180+1"]
[Date "2022.09.27"]
[WhiteClock "0:01:07"]
[BlackClock "0:02:05"]

1. d4 f5 2. Nc3 d5 3. Bf4 c6 4. e3 e6 5. Nf3 Nf6 6. Bd3 Bd6 7. Ne5 O-O 8. O-O Qe7 9. Ne2 Bd7 10. c4 Be8 11. h3 Bh5 12. Qb3 Bxe2 13. Bxe2 Ne4 14. f3 Nd2 15. Qc2 Nxf1 16. Rxf1 Nd7 17. a3 a5 18. c5 Bxe5 19. Bxe5 Nxe5 20. dxe5 a4 21. f4 Ra5 22. Rc1 Rfa8 23. Qc3 g6 24. Qb4 Kg7 25. g3 g5 26. Kf2 Kh6 27. h4 gxf4 28. exf4 R5a7 29. Rc3 Rg8 30. Qd4 Qc7 31. Bd1 Qa5 32. Qd2 b5 33. g4 b4 34. axb4 Qxb4 35. g5+ Kg7 36. Kg3 Rb8 37. Qe2 Qxb2 38. Rc2 Qb3+ 39. Kh2 a3 40. Qh5 a2 41. Qh6+ Kh8 42. Qf6+ Rg7 43. h5 a1=Q 44. h6 Qb7 45. hxg7+ Qxg7 46. Qxe6 Qxd1 0-1


[Site "https://www.chess.com"]

[Event "Titled Tuesday Blitz September 27 Early 2022"]
[White "Flis, Pawel"]
[Black "Nord, Alexander"]
[WhiteFideId "1112864"]
[BlackFideId "1738135"]
[WhiteElo "1735"]
[BlackElo "1968"]
[Result "1/2-1/2"]
[Round "11"]
[TimeControl "180+1"]
[Date "2022.09.27"]
[WhiteClock "0:00:10"]
[BlackClock "0:00:16"]

1. e4 c6 2. d4 d5 3. Nd2 dxe4 4. Nxe4 Bf5 5. Ng3 Bg6 6. Nf3 Nd7 7. h4 h6 8. h5 Bh7 9. Bd3 Bxd3 10. Qxd3 Ngf6 11. Bd2 e6 12. Qe2 Be7 13. Ne5 O-O 14. O-O-O Qc7 15. f4 c5 16. dxc5 Nxc5 17. Be3 Rac8 18. Kb1 Nd5 19. Bxc5 Qxc5 20. Rhf1 Ne3 21. Nd7 Qxc2+ 22. Qxc2 Rxc2 23. Nxf8 Rxg2 24. Rg1 Rxg1 25. Rxg1 Kxf8 26. Rc1 Bd6 27. Ne2 Nd5 28. Rd1 Ke7 29. f5 Nf6 30. fxe6 fxe6 31. Rh1 e5 32. Kc2 Ke6 33. Kd3 Kf5 34. Ng3+ Kg4 35. Ne4 Nd5 36. Nxd6 Nf4+ 37. Ke4 Nxh5 38. Kxe5 Ng3 39. Rg1 Kf3 40. Rxg3+ Kxg3 41. Nf5+ Kg4 42. Nxg7 Kg5 43. Kd6 Kg6 44. Ne6 Kf5 45. Ng7+ Kg6 46. Ne6 Kf6 47. Nf4 Kf5 48. Ng2 h5 49. Kc7 Kg4 50. Kxb7 Kf3 51. Nh4+ Kg4 52. Ng6 Kf5 53. Nh4+ Kg4 54. Ng2 Kf3 55. Nh4+ Kg4 1/2-1/2


[Site "https://www.chess.com"]